 Dungeon Crawl Stone Soup version 0.26-b1-32-g5d43845318 (webtiles) character file.

Game seed: 9007446783198442368

369 inmateoo the Insei (level 7, -1/41 HPs)
             Began as a Kobold Transmuter on Jan 13, 2021.
             Slain by a six-headed hydra skeleton (7 damage)
             ... on level 1 of the Abyss.
             The game lasted 00:05:07 (3737 turns).

inmateoo the Insei (Kobold Transmuter)              Turns: 3737, Time: 00:05:07

Health: -1/41      AC:  7    Str:  7    XL:     7   Next: 1%
Magic:  23/23      EV: 15    Int: 17    God:
Gold:   119        SH:  0    Dex: 15    Spells: 5/15 levels left

rFire    . . .     SeeInvis .     - Unarmed
rCold    . . .     Faith    .   (shield restricted)
rNeg     . . .     Spirit   .   a - +1 robe
rPois    .         Reflect  .   (no helmet)
rElec    .         Harm     .   k - +2 cloak
rCorr    .         Rampage  .   r - +0 pair of gloves
Will     .....                  (no boots)
Stlth    ++........             (no amulet)
HPRegen  0.13/turn              h - ring of magical power
MPRegen  0.18/turn              (no ring)

@: about to teleport
A: small, nightstalker 3
a: no special abilities


You were on level 1 of the Abyss.
You visited 1 branch of the dungeon, and saw 4 of its levels.
You visited the Abyss 1 time.

You collected 303 gold pieces.
You spent 184 gold pieces at shops.

Inventory:

Armour
 a - a +1 robe (worn)
 g - a cursed +0 buckler
 k - a +2 cloak (worn)
 r - a +0 pair of gloves (worn)
Magical Staves
 l - an uncursed staff of conjuration
 p - an uncursed staff of earth
Jewellery
 h - a ring of magical power (left hand)
Wands
 f - a wand of digging (4)
Scrolls
 b - a scroll of teleportation
 c - 3 scrolls of immolation
 e - a scroll of magic mapping
 i - a scroll of fog
 q - a scroll of enchant armour
 v - a scroll of acquirement {unknown}
Potions
 d - a potion of resistance
 j - a potion of invisibility
 m - 2 potions of haste {unknown}
 n - a potion of attraction {unknown}
 o - 3 potions of curing {unknown}
 s - 2 potions of magic {unknown}
 t - a potion of lignification {unknown}
 u - a potion of flight {unknown}


   Skills:
 - Level 3.0 Fighting
 + Level 2.7 Dodging
 - Level 5.0 Unarmed Combat
 + Level 4.7 Spellcasting
 * Level 2.2 Transmutations
 + Level 0.4 Poison Magic


You had 5 spell levels left.
You knew the following spells:

 Your Spells              Type           Power        Failure   Level
a - Beastly Appendage     Tmut           22%          6%          1
b - Wereblood             Tmut           11%          9%          2
c - Spider Form           Tmut/Pois      4%           26%         3
d - Ice Form              Ice/Tmut       7%           67%         4

Your spell library contained the following spells:

 Spells                   Type           Power        Failure   Level
 Blade Hands              Tmut           5%           85%         5


Dungeon Overview and Level Annotations

Branches:
Dungeon (4/15)
 Temple: D:4-7

Altars:

Shops:
D:4 *


Innate Abilities, Weirdness & Mutations

You are small and have problems with some larger weapons.
You are completely attuned to the shadows.


Message History

You see here a scroll labelled YFO JOQEKUEFU.
v - a scroll labelled YFO JOQEKUEFU A worldbinder comes into view.
The worldbinder calls forth creatures from the Spider Nest!
As you read the scroll of teleportation, it crumbles to dust.
You feel strangely unstable.
You feel the power of the Abyss delaying your translocation!
A lich comes into view.
The worldbinder calls forth creatures from the Spider Nest!
The jumping spider barely misses you. The jumping spider closely misses you.
The jumping spider pounces on you!
You are caught in a web!
The jumping spider bites you but does no damage.
The jumping spider leaps!
There is a web, spattered with blood here.
The web tears apart.
The jumping spider closely misses you. The jumping spider bites you.
The six-headed hydra skeleton bites you! x2
* * * LOW HITPOINT WARNING * * *
The six-headed hydra skeleton bites you!
You die...

......... ....s....
........#.. .
.......##....
..○.@...#..#
...xsZ.....###.
................# ##.
...s........ ... #..
........#...# ... #..
.......##...##.. ##.
L..s....#.........#.#
...... ..#.#. ....##
....#.


You could see an orb spider (summoned), a worldbinder, 2 jumping spiders and a
six-headed hydra skeleton.

Vanquished Creatures
  Sigmund (D:3)
  Crazy Yiuf (D:2)
  An iguana (D:4)
  A worker ant (D:4)
  A howler monkey skeleton (D:4)
  5 adders
  An adder skeleton (D:3)
  4 worms
  2 dart slugs
  3 leopard geckos
  An orc (D:3)
  6 giant cockroaches
  6 goblins
  5 hobgoblins
  4 jackals (D:2)
  A quokka (D:2)
  A ball python (D:1)
  9 bats
  5 frilled lizards
  7 kobolds
  A leopard gecko skeleton (D:4)
  6 rats
72 creatures vanquished.

Vanquished Creatures (others)
  A fungus (D:2)
1 creature vanquished.

Grand Total: 73 creatures vanquished

Notes
Turn   | Place    | Note
-------+----------+-------------------------------------------
     0 | D:1      | inmateoo the Kobold Transmuter began the quest for the Orb.
     0 | D:1      | Reached XP level 1. HP: 12/12 MP: 3/3
   252 | D:1      | Reached XP level 2. HP: 17/17 MP: 3/5
   727 | D:1      | Reached XP level 3. HP: 20/21 MP: 6/6
  1063 | D:2      | Learned a level 2 spell: Wereblood
  1245 | D:2      | Found a runed translucent door.
  1248 | D:2      | Noticed Crazy Yiuf
  1569 | D:2      | Learned a level 3 spell: Spider Form
  1693 | D:2      | Reached XP level 4. HP: 23/27 MP: 7/7
  1718 | D:2      | Reached skill level 4 in Unarmed Combat
  2077 | D:2      | Killed Crazy Yiuf
  2078 | D:2      | Reached XP level 5. HP: 32/32 MP: 8/8
  2421 | D:3      | Reached skill level 5 in Unarmed Combat
  2422 | D:3      | Noticed Sigmund
  2429 | D:3      | Killed Sigmund
  2430 | D:3      | Reached XP level 6. HP: 29/37 MP: 12/12
  3448 | D:4      | Found Geruwk's Assorted Antiques.
  3453 | D:4      | Bought an amethyst potion for 25 gold pieces
  3453 | D:4      | Bought 2 viscous ruby potions for 50 gold pieces
  3453 | D:4      | Bought a scroll of teleportation for 84 gold pieces
  3453 | D:4      | Bought a metallic yellow potion for 25 gold pieces
  3469 | D:4      | Learned a level 4 spell: Ice Form
  3573 | D:4      | Reached XP level 7. HP: 40/41 MP: 14/14
  3617 | D:4      | Cast into level 1 of the Abyss (orc)
  3732 | Abyss:1  | Noticed a worldbinder
  3734 | Abyss:1  | Noticed a jumping spider
  3734 | Abyss:1  | Noticed a lich
  3735 | Abyss:1  | Noticed a jumping spider
  3735 | Abyss:1  | Noticed an orb spider
  3735 | Abyss:1  | Noticed a jumping spider
  3737 | Abyss:1  | Slain by a six-headed hydra skeleton

Illustrated notes

Levels and vault maps discovered:
D:1:      noname_arrival_rooms_in_the_neighbourhood, layout_basic
D:2:      layout_basic, uniq_crazy_yiuf_cottage
D:3:      layout_basic, wad_floor_pattern_untrapped, bh_walls_and_bars,
          uniq_sigmund
D:4:      layout_basic, minmay_temple_entry_waves, serial_shops,
          kennysheep_little_box, shop
Abyss:1:  base: D:2, minivault_27

Skill      XL: |  1  2  3  4  5 |
---------------+----------------+-----
Fighting       | 2 3 |  3.0
Unarmed Combat | 4 5 |  5.0
Spellcasting   | 4 |  4.7
Dodging        | |  2.7
Transmutations | |  2.2
Poison Magic   | |  0.4

Action                   |  1- 3 |  4- 6 |  7- 9 || total
-------------------------+-------+-------+-------++-------
Melee: Unarmed           |    93 |   172 |     4 ||   269
       Kick              |     8 |    11 |       ||    19
       Headbutt          |     4 |    11 |       ||    15
       Punch             |       |     3 |       ||     3
 Cast: Beastly Appendage |    13 |    12 |       ||    25
       Wereblood         |     1 |     3 |       ||     4
       Spider Form       |       |     4 |     1 ||     5
  Use: Scroll            |     5 |     7 |     1 ||    13
 Stab: Sleeping          |     9 |     8 |       ||    17
       Distracted        |       |     1 |       ||     1
Armor: Robe              |    21 |    32 |     2 ||    55
Dodge: Dodged            |    72 |   118 |     5 ||   195
